 Dungeon Crawl Stone Soup version 0.21.0-3-g78d12a8 (webtiles) character file.

444 MTVSty1e the Chopper (level 6, 0/51 HPs)
             Began as a Draconian Berserker on Jan 11, 2018.
             Was a Priest of Trog.
             Slain by an orc wizard
             ... wielding a +0 dagger
              (3 damage)
             ... on level 4 of the Dungeon.
             The game lasted 00:06:28 (3769 turns).

MTVSty1e the Chopper (Draconian Berserker)          Turns: 3769, Time: 00:06:28

Health: 0/51       AC:  6    Str: 26    XL:     6   Next: 72%
Magic:  0/6        EV: 18    Int:  8    God:    Trog [***...]
Gold:   194        SH:  0    Dex: 15    Spells: 5/5 levels left

rFire    + . .     SeeInvis .   a - +0 hand axe
rCold    . . .     Gourm    .   (no shield)
rNeg     . . .     Faith    .   (armour unavailable)
rPois    .         Spirit   +   (helmet restricted)
rElec    .         Reflect  .   (no cloak)
rCorr    .         Harm     .   (no gloves)
MR       .....                  (no boots)
Stlth    ++........             e - amulet of guardian spirit
HPRegen  0.17/turn              k - ring of protection from fire
MPRegen  0.10/turn              (no ring)

@: mighty, agile
A: unfitting armour, cold-blooded, AC +6
a: Berserk, Trog's Hand, Burn Spellbooks, Renounce Religion


You were on level 4 of the Dungeon.
You worshipped Trog.
Trog was most pleased with you.
You were not hungry.

You visited 1 branch of the dungeon, and saw 4 of its levels.

You collected 194 gold pieces.

Inventory:

Hand Weapons
 a - a +0 hand axe (weapon)
Jewellery
 e - an amulet of guardian spirit (around neck)
 k - a ring of protection from fire (left hand)
Scrolls
 c - 2 scrolls of identify
 d - 3 scrolls of teleportation
 i - 3 scrolls of remove curse
 m - a scroll of magic mapping
 p - a scroll of enchant armour {unknown}
Potions
 h - a potion of lignification {unknown}
 j - a potion of resistance {unknown}
 l - a potion of agility
 n - a potion of flight {unknown}
 o - a potion of degeneration {unknown}
Comestibles
 b - 5 rations


   Skills:
 - Level 3.2 Fighting
 * Level 7.7 Axes
 - Level 2.6 Dodging


You had 5 spell levels left.
You didn't know any spells.

Dungeon Overview and Level Annotations

Branches:
Dungeon (4/15)
 Temple: D:4-7

Altars:
Kikubaaqudgha
Qazlal
Sif Muna

Shops:
D:4 }


Innate Abilities, Weirdness & Mutations

Your plain brown scales are hard. (AC +6)
You cannot fit into any form of body armour.
You are cold-blooded and may be slowed by cold attacks.


Message History

* * * LOW HITPOINT WARNING * * *
Something hits you but does no damage.
The orc wizard hits you but does no damage.
You slash the orc wizard!
Your tail-slap misses the orc wizard.
The orc wizard is almost dead.
You miss something. Something hits you but does no damage.
The orc wizard points at you and mumbles some strange words.
The puff of frost hits you!
* * * LOW HITPOINT WARNING * * *
You completely miss the orc wizard. You tail-slap the orc wizard.
You kill the orc wizard!
Trog accepts your kill.
Trog appreciates your killing of a magic user.
You miss something. Something hits you but does no damage.
You start resting.
Something hits you but does no damage. x2
You start resting.
Something hits you but does no damage.
It was a potion of agility.
You feel agile all of a sudden. Something completely misses you.
Something hits you.
You die...

########.#.......#####.....#
.(.#.....#............†....#
...#...........#........o./#
...#...................#....o...
...#...................#...[..o.
.......................#........
........#..##...####'##.........
........#..##...##..............
#'#...### #....@)...........#..
#.#.[.# ##.####...........#..
#.#...# #. ######...... #.+...+
#. ##.... ###...# # .## #### .


There were no monsters in sight!

Vanquished Creatures
  A phantom (D:4)
  A scorpion (D:2)
  A hound (D:4)
  An orc wizard (D:4)
  A bullfrog skeleton (D:4)
  2 worker ants (D:4)
  A hound skeleton (D:4)
  4 gnolls (D:3)
  4 adders
  2 adder skeletons (D:4)
  2 worms (D:2)
  A dart slug (D:1)
  4 leopard geckos
  3 orcs
  2 ball pythons
  7 bats
  3 giant cockroaches
  6 goblins
  4 hobgoblins (D:3)
  8 jackals
  2 frilled lizards
  7 kobolds
  6 rats
73 creatures vanquished.

Notes
Turn   | Place    | Note
-------+----------+-------------------------------------------
     0 | D:1      | MTVSty1e the Draconian Berserker began the quest for the Orb.
     0 | D:1      | Reached XP level 1. HP: 19/19 MP: 1/1
   289 | D:1      | Reached XP level 2. HP: 26/26 MP: 2/2
   681 | D:1      | Reached skill level 4 in Axes
   886 | D:2      | Found an ancient bone altar of Kikubaaqudgha.
   950 | D:2      | Reached XP level 3. HP: 13/31 MP: 3/3
  1298 | D:2      | Reached ** piety under Trog
  1535 | D:2      | Noticed a scorpion
  1543 | D:2      | Killed a scorpion
  1543 | D:2      | Reached skill level 5 in Axes
  1543 | D:2      | Reached XP level 4. HP: 28/38 MP: 4/4
  2143 | D:2      | Found a deep blue altar of Sif Muna.
  2399 | D:3      | Reached XP level 5. HP: 33/45 MP: 3/5
  2703 | D:3      | Reached skill level 6 in Axes
  2782 | D:3      | Found a stormy altar of Qazlal.
  2973 | D:4      | Noticed a phantom
  3005 | D:4      | Killed a phantom
  3005 | D:4      | Reached XP level 6. HP: 19/51 MP: 3/6
  3343 | D:4      | Reached skill level 7 in Axes
  3571 | D:4      | Found Laxzel's Gadget Shoppe.
  3757 | D:4      | Reached *** piety under Trog
  3769 | D:4      | Slain by an orc wizard

Skill      XL: |  1  2  3  4  5  6 |
---------------+-------------------+-----
Axes           | 4 5 6 7 |  7.7
Fighting       | |  3.2
Dodging        | |  2.6

Action                   |  1- 3 |  4- 6 || total
-------------------------+-------+-------++-------
Melee: Hand axe          |    86 |   184 ||   270
       Tailslap          |    13 |    23 ||    36
       War axe           |     4 |       ||     4
  Use: Scroll            |     8 |       ||     8
       Potion            |     1 |     3 ||     4
 Stab: Sleeping          |     1 |       ||     1
  Eat: Ration            |     1 |     1 ||     2
       Chunk             |       |     3 ||     3
Armor: Skin              |    26 |    65 ||    91
Dodge: Dodged            |    59 |   128 ||   187
